Map: Lerilak Crest

Players

State

  • Race: Protoss Protoss
  • League: Grandmaster

IIIIIIIIIIII - Winner!

  • Race: Zerg Zerg
  • League: Master

VOD

Have the link to the VOD?

Description

Time

  • Played on: Nov. 24, 2015, 8:12 p.m.
  • Length: 4:57
Show
View Real Time Build Order
Export as new Build Order

State Protoss 

Build Orders: Nexus First 

Get SALT Encoding   

  12  0:01  Probe (Chrono Boost)  
  13  0:11  Probe (Chrono Boost)  
  14  0:17  Pylon  
  14  0:22  Probe (Chrono Boost)  
  16  0:35  Probe (Chrono Boost)  
  16  0:46  Probe (Chrono Boost)  
  17  1:00  Nexus  
  17  1:10  Gateway  
  17  1:13  Probe (Chrono Boost)  
  18  1:20  Assimilator  
  18  1:24  Probe (Chrono Boost)  
  19  1:34  Probe (Chrono Boost), Assimilator  
  20  1:45  Probe (Chrono Boost)  
  21  1:55  Probe (Chrono Boost)  
  21  2:01  Cybernetics Core  
  22  2:06  Probe (Chrono Boost)  
  23  2:12  Probe (Chrono Boost)  
  24  2:16  Probe (Chrono Boost)  
  24  2:19  Pylon  
  24  2:22  Probe (Chrono Boost)  
  26  2:27  Probe (Chrono Boost)  
  27  2:33  Probe (Chrono Boost)  
  28  2:37  Stalker, Probe (Chrono Boost)  
  28  2:43  Probe (Chrono Boost)  
  32  2:48  Probe (Chrono Boost)  
  33  2:54  Twilight Council, Probe (Chrono Boost)  
  33  2:56  Forge  
  34  2:59  Probe (Chrono Boost)  
  34  3:05  Probe (Chrono Boost)  
  35  3:09  Probe (Chrono Boost)  
  35  3:12  Adept  
  38  3:16  Pylon  
  38  3:19  Mothership Core (Chrono Boost)  
  40  3:21  Probe (Chrono Boost)  
  40  3:26  Assimilator x2  
  41  3:31  Probe (Chrono Boost)  
  42  3:37  Probe (Chrono Boost)  
  43  3:43  Probe (Chrono Boost)  
  45  3:50  Probe (Chrono Boost)  
  44  4:00  Probe (Chrono Boost)  
  44  4:02  Probe (Chrono Boost)  
  30  4:05  Pylon  
  26  4:10  Probe (Chrono Boost)  
  26  4:14  Probe (Chrono Boost)  
  27  4:21  Probe (Chrono Boost)  
  27  4:22  Pylon  
  27  4:26  Probe (Chrono Boost)  
  27  4:29  Pylon  
  27  4:31  Probe (Chrono Boost)  
  28  4:38  Probe (Chrono Boost)  
  28  4:42  Probe (Chrono Boost)  
Show
View Real Time Build Order
Export as new Build Order

IIIIIIIIIIII Zerg - Winner!

Build Orders: Hatch First, Zergling Baneling 

Get SALT Encoding   

  12  0:01  Drone  
  13  0:12  Overlord  
  13  0:17  Drone  
  14  0:23  Drone, Extractor  
  15  0:31  Drone  
  17  0:35  Drone  
  17  0:53  Hatchery  
  17  0:54  Extractor  
  17  0:55  Drone  
  16  1:02  Drone  
  17  1:14  Spawning Pool  
  17  1:17  Drone  
  17  1:20  Drone  
  18  1:30  Drone  
  19  1:40  Overlord  
  19  1:53  Drone  
  20  2:02  Queen  
  20  2:03  Metabolic Boost  
  20  2:05  Zergling x2  
  23  2:09  Queen  
  25  2:17  Drone x2  
  27  2:29  Zergling x2, Extractor  
  27  2:30  Baneling Nest  
  27  2:33  Zergling x2  
  27  2:35  Zergling x2  
  28  2:40  Zergling x2  
  29  2:48  Zergling x4  
  29  2:49  Zergling x2  
  32  2:55  Zergling x2  
  33  3:01  Zergling x2  
  34  3:06  Zergling x2  
  34  3:10  Zergling x2  
  35  3:19  Overlord  
  35  3:26  Baneling x9  
  35  3:36  Overlord  
  35  3:39  Zergling x2  
  35  3:40  Zergling x2  
  34  3:56  Zergling x4  
  34  4:04  Zergling x8  
  34  4:05  Zergling x2  
  39  4:13  Zergling x4  
  39  4:16  Zergling x2  
  40  4:20  Zergling x2  
  41  4:25  Baneling x2  
  41  4:26  Baneling x2  
  41  4:37  Zergling x4  
Tags
 
Add a new tag
Caveats
  • Supply blocks, unpowered buildings, or Contaminate may cause inaccurate times.
  • Supply counts are checked every 10 seconds.